| TOP OF THE 1ST |
|
University of Michigan Wolverines batting - Pitching for Pennsylvania State University Nittany Lions : RHP Colin Walker
|
|
Pitching: RHP Colin Walker
|
|
|
Batting: LHB Tony Olvera
|
0-0: Ball 1-0: Called Strike 1-1: Ball 2-1: Fly out, F9 (Flyball, 9, EV 76.9 MPH)
|
|
Batting: LHB Adrian Navarro
|
0-0: Foul Ball, location: 2F 0-1: Ball 1-1: Foul Ball, location: 2F 1-2: Foul Ball, location: 2F 1-2: Ball 2-2: Ball 3-2: SOLO HOME RUN (Flyball, 89XD, EV 108.1 MPH), Distance : 418 ft
|
|
Batting: LHB Danny Shanahan
|
0-0: Swinging Strike 0-1: Swinging Strike 0-2: Strikes out swinging
|
|
Batting: RHB Franklin Ortega
|
0-0: Called Strike 0-1: Fly out, F2 (Popup, 2LF, EV 91.9 MPH)
|
| Top of the 1st over - 1 run, 1 hit, 0 errors, 0 left on base; University of Michigan 1 - Pennsylvania State University 0 |
| BOTTOM OF THE 1ST |
|
Pennsylvania State University Nittany Lions batting - Pitching for University of Michigan Wolverines : RHP Alberto Cabrera
|
|
Pitching: RHP Alberto Cabrera
|
|
|
Batting: RHB John Hopkins
|
0-0: Ground out 4-3 (Groundball, 4, EV 97.5 MPH)
|
|
Batting: RHB Craig Alvarado
|
0-0: SINGLE (Groundball, 6MD, EV 111.2 MPH)
|
|
Pitching: RHP Steve Child
|
|
|
Batting: RHB Kaoru Hamada
|
0-0: Swinging Strike 0-1: DOUBLE (Line Drive, 9LS, EV 115.0 MPH) Craig Alvarado to third
|
|
Batting: SHB Glenn Harrison
|
0-0: SINGLE (Groundball, 34D, EV 105.0 MPH) Craig Alvarado scores Kaoru Hamada to third Runner from 3rd tries for Home, SAFE, throw by RF to home
|
|
Batting: RHB Keith Ashton
|
0-0: Called Strike 0-1: Ball 1-1: Foul Ball, location: 2F 1-2: Fly out, F8 (Flyball, 8LM, EV 84.4 MPH)
|
|
Batting: LHB Alex Morales
|
0-0: Ball 1-0: Foul Ball, location: 2F 1-1: Ball 2-1: Foul Ball, location: 2F 2-2: Strikes out swinging
|
| Bottom of the 1st over - 2 runs, 3 hits, 0 errors, 1 left on base; University of Michigan 1 - Pennsylvania State University 2 |
| TOP OF THE 2ND |
|
University of Michigan Wolverines batting - Pitching for Pennsylvania State University Nittany Lions : RHP Colin Walker
|
|
Batting: RHB Josh Simmons
|
0-0: Ball 1-0: Called Strike 1-1: Fly out, F7 (Line Drive, 78M, EV 91.2 MPH)
|
|
Batting: RHB Jamie Broadhurst
|
0-0: Ball 1-0: Called Strike 1-1: Ball 2-1: Ball 3-1: Base on Balls
|
|
Batting: RHB Dave Guevara
|
0-0: Fly out, F9 (Flyball, 9, EV 84.4 MPH)
|
|
Batting: LHB Vinnie Kalman
|
0-0: Swinging Strike 0-1: Swinging Strike 0-2: Ball 1-2: Foul Ball, location: 2F 1-2: Strikes out swinging
|
| Top of the 2nd over - 0 runs, 0 hits, 0 errors, 1 left on base; University of Michigan 1 - Pennsylvania State University 2 |
| BOTTOM OF THE 2ND |
|
Pennsylvania State University Nittany Lions batting - Pitching for University of Michigan Wolverines : RHP Steve Child
|
|
Pitching: RHP Sa'ng Dai
|
|
|
Batting: RHB Peter Turcotte
|
0-0: Foul Ball, location: 2F 0-1: Hit by Pitch
|
|
Batting: RHB Mike Smith
|
0-0: Ball Peter Turcotte is caught stealing 2nd base 2-4 1-0: Ball 2-0: Called Strike 2-1: Ball 3-1: Bunt for hit to 13S - play at first, batter safe!
|
|
Batting: RHB Klaus Brown
|
0-0: Ball 1-0: Swinging Strike 1-1: Called Strike 1-2: Foul Ball, location: 2F 1-2: Ball 2-2: Ball 3-2: 2-RUN HOME RUN (Flyball, 7D, EV 99.4 MPH), Distance : 401 ft
|
|
Batting: RHB John Hopkins
|
0-0: Ball 1-0: Called Strike 1-1: Ball 2-1: Foul Ball, location: 2F 2-2: Strikes out looking
|
|
Batting: RHB Craig Alvarado
|
0-0: Ground out 4-3 (Groundball, 4, EV 85.6 MPH)
|
| Bottom of the 2nd over - 2 runs, 2 hits, 0 errors, 0 left on base; University of Michigan 1 - Pennsylvania State University 4 |
| TOP OF THE 3RD |
|
University of Michigan Wolverines batting - Pitching for Pennsylvania State University Nittany Lions : RHP Colin Walker
|
|
Batting: RHB Glen Limeburner
|
0-0: Ball 1-0: Foul Ball, location: 2F 1-1: Fly out, F5 (Popup, 5SF, EV 71.2 MPH)
|
|
Batting: LHB Tony Olvera
|
0-0: Called Strike 0-1: Foul Ball, location: 2F 0-2: SINGLE (Groundball, 34D, EV 102.5 MPH)
|
|
Batting: LHB Adrian Navarro
|
0-0: Grounds out, U3 (Groundball, 3L, EV 93.1 MPH)
|
|
Batting: LHB Danny Shanahan
|
0-0: Ball 1-0: Called Strike 1-1: DOUBLE (Flyball, 78D, EV 103.8 MPH) Tony Olvera scores
|
|
Batting: RHB Franklin Ortega
|
0-0: Called Strike 0-1: Ball 1-1: Ball 2-1: SINGLE (Flyball, 7S, EV 95.0 MPH) Danny Shanahan to third
|
|
Batting: RHB Josh Simmons
|
Pickoff Throw to First - Out! 1-3
|
| Top of the 3rd over - 1 run, 3 hits, 0 errors, 1 left on base; University of Michigan 2 - Pennsylvania State University 4 |
| BOTTOM OF THE 3RD |
|
Pennsylvania State University Nittany Lions batting - Pitching for University of Michigan Wolverines : RHP Sa'ng Dai
|
|
Batting: RHB Kaoru Hamada
|
0-0: Ball 1-0: Called Strike 1-1: Ball 2-1: Swinging Strike 2-2: Strikes out swinging
|
|
Batting: SHB Glenn Harrison
|
0-0: Foul Ball, location: 2F 0-1: Fly out, F8 (Flyball, 8LM, EV 89.4 MPH)
|
|
Batting: RHB Keith Ashton
|
0-0: Called Strike 0-1: Swinging Strike 0-2: Ball 1-2: Foul Ball, location: 2F 1-2: Ball 2-2: Strikes out swinging
|
| Bottom of the 3rd over - 0 runs, 0 hits, 0 errors, 0 left on base; University of Michigan 2 - Pennsylvania State University 4 |
| TOP OF THE 4TH |
|
University of Michigan Wolverines batting - Pitching for Pennsylvania State University Nittany Lions : RHP Colin Walker
|
|
Batting: RHB Josh Simmons
|
0-0: SINGLE (Line Drive, 3D, EV 96.2 MPH)
|
|
Batting: RHB Jamie Broadhurst
|
0-0: Foul Ball, location: 2F 0-1: Called Strike 0-2: Ball 1-2: Foul Ball, location: 2F 1-2: Ball 2-2: Ball 3-2: Base on Balls Josh Simmons to second
|
|
Batting: RHB Dave Guevara
|
0-0: Ball 1-0: Called Strike 1-1: Ball 2-1: Ball 3-1: Foul Ball, location: 2F 3-2: SINGLE (Flyball, 89S, EV 91.9 MPH) Josh Simmons to third Jamie Broadhurst to second Runner from 3rd tries for Home, SAFE, throw by RF to home Jamie Broadhurst to third Dave Guevara to second
|
|
Batting: LHB Vinnie Kalman
|
0-0: Ball 1-0: Foul Ball, location: 2F 1-1: Foul Ball, location: 2F 1-2: Strikes out swinging
|
|
Batting: RHB Glen Limeburner
|
0-0: Foul Ball, location: 2F 0-1: Foul Ball, location: 2F 0-2: Ball 1-2: Foul Ball, location: 2F 1-2: Strikes out looking
|
|
Batting: LHB Tony Olvera
|
0-0: Foul Ball, location: 2F 0-1: Ball 1-1: Ball 2-1: Ball 3-1: SINGLE (Groundball, 34D, EV 97.5 MPH) Jamie Broadhurst scores Dave Guevara to third Runner from 3rd tries for Home, SAFE, throw by RF to home Tony Olvera to second
|
|
Pitching: LHP James Marker
|
|
|
Batting: LHB Adrian Navarro
|
0-0: Called Strike 0-1: Foul Ball, location: 2F 0-2: Fly out, F8 (Flyball, 8RM, EV 87.5 MPH)
|
| Top of the 4th over - 3 runs, 3 hits, 0 errors, 1 left on base; University of Michigan 5 - Pennsylvania State University 4 |
| BOTTOM OF THE 4TH |
|
Pennsylvania State University Nittany Lions batting - Pitching for University of Michigan Wolverines : RHP Sa'ng Dai
|
|
Pitching: RHP Ricky Mendoza
|
|
|
Batting: LHB Alex Morales
|
0-0: Ball 1-0: Ball 2-0: Called Strike 2-1: Ball 3-1: Swinging Strike 3-2: Base on Balls
|
|
Batting: RHB Peter Turcotte
|
0-0: Ball 1-0: Ball 2-0: Called Strike 2-1: Foul Ball, location: 2F 2-2: Fly out, F8 (Flyball, 8RXD, EV 95.0 MPH)
|
|
Batting: RHB Mike Smith
|
0-0: Ball 1-0: Ball Alex Morales steals 2nd base 2-0: Fly out, F8 (Flyball, 78D, EV 100.0 MPH)
|
|
Batting: RHB Klaus Brown
|
0-0: Ball 1-0: Foul Ball, location: 2F 1-1: Foul Ball, location: 2F 1-2: Strikes out looking
|
| Bottom of the 4th over - 0 runs, 0 hits, 0 errors, 1 left on base; University of Michigan 5 - Pennsylvania State University 4 |
| TOP OF THE 5TH |
|
University of Michigan Wolverines batting - Pitching for Pennsylvania State University Nittany Lions : LHP James Marker
|
|
Now in LF: Oscar Rivera
|
|
|
Batting: LHB Danny Shanahan
|
0-0: Foul Ball, location: 2F 0-1: Ball 1-1: Ground out 3-1 (Groundball, 34, EV 106.9 MPH)
|
|
Pinch Hitting: RHB Josh Stene
|
0-0: Ball 1-0: Fly out, F9 (Flyball, 9D, EV 91.9 MPH)
|
|
Batting: RHB Josh Simmons
|
0-0: Ball 1-0: Foul Ball, location: 2F 1-1: Foul Ball, location: 2F 1-2: SINGLE (Line Drive, 56D, EV 93.8 MPH)
|
|
Batting: RHB Jamie Broadhurst
|
0-0: Called Strike 0-1: Ball 1-1: Ball 2-1: Ball 3-1: Base on Balls Josh Simmons to second
|
|
Batting: RHB Dave Guevara
|
0-0: Called Strike 0-1: Foul Ball, location: 2F 0-2: Ball 1-2: Ball 2-2: Foul Ball, location: 2F 2-2: Foul Ball, location: 2F 2-2: Ball 3-2: Foul Ball, location: 2F 3-2: Foul Ball, location: 2F 3-2: Strikes out swinging
|
| Top of the 5th over - 0 runs, 1 hit, 0 errors, 2 left on base; University of Michigan 5 - Pennsylvania State University 4 |
| BOTTOM OF THE 5TH |
|
Pennsylvania State University Nittany Lions batting - Pitching for University of Michigan Wolverines : RHP Ricky Mendoza
|
|
Now at 3B: Dave Guevara
|
|
|
Now at SS: Jason Rhodes
|
|
|
Now in CF: Gabe Morales
|
|
|
Batting: RHB John Hopkins
|
0-0: Ball 1-0: Foul Ball, location: 2F 1-1: Ball 2-1: SINGLE (Line Drive, 8LS, EV 107.5 MPH)
|
|
Pinch Hitting: LHB Josh Lane
|
0-0: Bunted foul 0-1: Sac Bunt to P - play at first, batter OUT! 1-3 John Hopkins to second
|
|
Pinch Hitting: RHB Jesus Resendez
|
0-0: Fly out, F6 (Line Drive, 6, EV 76.2 MPH)
|
|
Batting: SHB Glenn Harrison
|
0-0: Ball 1-0: SINGLE (Groundball, 34S, EV 63.8 MPH) (infield hit) John Hopkins to third
|
|
Pinch Hitting: RHB Jesse Sargent
|
0-0: Foul Ball, location: 2F 0-1: Called Strike 0-2: Ball 1-2: Foul Ball, location: 2F 1-2: Ground out 4-3 (Groundball, 4, EV 108.1 MPH)
|
| Bottom of the 5th over - 0 runs, 2 hits, 0 errors, 2 left on base; University of Michigan 5 - Pennsylvania State University 4 |
| TOP OF THE 6TH |
|
University of Michigan Wolverines batting - Pitching for Pennsylvania State University Nittany Lions : LHP James Marker
|
|
Now at 1B: Pete Roberts
|
|
|
Now at 3B: Josh Lane
|
|
|
Now at SS: Leo Roldan
|
|
|
Now in CF: Glenn Harrison
|
|
|
Now in RF: Jesus Resendez
|
|
|
Pinch Hitting: LHB Joel Sandoval
|
0-0: Ball 1-0: Ball 2-0: Foul Ball, location: 2F 2-1: Ball 3-1: Ground out 1-3 (Groundball, 34S, EV 68.8 MPH)
|
|
Pinch Hitting: RHB Ippei Ishida
|
0-0: Ball 1-0: Fly out, F7 (Flyball, 7LM, EV 80.6 MPH)
|
|
Batting: RHB Jason Rhodes
|
0-0: Swinging Strike 0-1: Called Strike 0-2: Ball 1-2: Fly out, F7 (Line Drive, 7, EV 108.1 MPH)
|
| Top of the 6th over - 0 runs, 0 hits, 0 errors, 0 left on base; University of Michigan 5 - Pennsylvania State University 4 |
| BOTTOM OF THE 6TH |
|
Pennsylvania State University Nittany Lions batting - Pitching for University of Michigan Wolverines : RHP Ricky Mendoza
|
|
Pitching: RHP Marshall Laurence
|
|
|
Now at 1B: Daisuke Yamamoto
|
|
|
Now at 2B: Edwin Nunez
|
|
|
Now at 3B: Alexis Gallegos
|
|
|
Now in LF: Wei-fang Ping
|
|
|
Batting: LHB Oscar Rivera
|
0-0: Called Strike 0-1: Ball 1-1: Ball 2-1: Swinging Strike 2-2: SINGLE (Line Drive, 7LS, EV 99.4 MPH)
|
|
Pinch Hitting: SHB Oscar Barahona
|
0-0: Reached on error, E1 (Groundball, 15S, EV 43.8 MPH) Oscar Rivera to second
|
|
Pinch Hitting: RHB Winston Vasquez
|
0-0: Ball 1-0: Bunted foul 1-1: Bunted foul 1-2: Foul Ball, location: 2F 1-2: SINGLE (Flyball, 89M, EV 86.2 MPH) Oscar Rivera to third Oscar Barahona to second
|
|
Batting: RHB Klaus Brown
|
0-0: Fly out, F8 (Flyball, 78D, EV 100.0 MPH) Runner from 3rd tags up, SCORES, throw by CF
|
|
Batting: RHB Fernando Membreno
|
0-0: Called Strike 0-1: Foul Ball, location: 2F 0-2: Ball 1-2: Ball 2-2: Ball 3-2: Strikes out swinging
|
|
Pinch Hitting: RHB Bobby Lozada
|
0-0: Ball 1-0: SINGLE (Line Drive, 8RS, EV 111.9 MPH) Oscar Barahona to third Winston Vasquez to second
|
|
Pinch Hitting: RHB Jake Garza
|
0-0: Called Strike 0-1: Ball 1-1: Ball 2-1: Foul Ball, location: 2F 2-2: Ball 3-2: Ground out 6-3 (Groundball, 6, EV 85.6 MPH)
|
| Bottom of the 6th over - 1 run, 3 hits, 1 error, 3 left on base; University of Michigan 5 - Pennsylvania State University 5 |
| TOP OF THE 7TH |
|
University of Michigan Wolverines batting - Pitching for Pennsylvania State University Nittany Lions : LHP James Marker
|
|
Pitching: RHP Mike Watkins
|
|
|
Now at 1B: Ding-bong Zhào
|
|
|
Now at 2B: Roberto Medina
|
|
|
Now at 3B: Bernie Benavides
|
|
|
Now in LF: Elijah Mallandain
|
|
|
Now in RF: Oscar Rivera
|
|
|
Batting: LHB Ewan Cole
|
0-0: Swinging Strike 0-1: Fly out, F5 (Line Drive, 5, EV 68.8 MPH)
|
|
Pinch Hitting: LHB Ricardo Ramos
|
0-0: Called Strike 0-1: Ball 1-1: Swinging Strike 1-2: Ball 2-2: Foul Ball, location: 2F 2-2: Foul Ball, location: 2F 2-2: Ground out 6-3 (Groundball, 6, EV 88.1 MPH)
|
|
Batting: LHB Gabe Morales
|
0-0: Called Strike 0-1: Ball 1-1: Swinging Strike 1-2: Ball 2-2: Strikes out looking
|
| Top of the 7th over - 0 runs, 0 hits, 0 errors, 0 left on base; University of Michigan 5 - Pennsylvania State University 5 |
| BOTTOM OF THE 7TH |
|
Pennsylvania State University Nittany Lions batting - Pitching for University of Michigan Wolverines : RHP Marshall Laurence
|
|
Pitching: RHP Mike Echegoyen
|
|
|
Now in RF: Ricardo Ramos
|
|
|
Batting: SHB Glenn Harrison
|
0-0: Fly out, F7 (Flyball, 7D, EV 98.1 MPH)
|
|
Batting: RHB Leo Roldan
|
0-0: Called Strike 0-1: Called Strike 0-2: Fly out, F8 (Flyball, 8LM, EV 84.4 MPH)
|
|
Batting: LHB Oscar Rivera
|
0-0: Foul Ball, location: 2F 0-1: Foul Ball, location: 2F 0-2: Ball 1-2: Strikes out swinging
|
| Bottom of the 7th over - 0 runs, 0 hits, 0 errors, 0 left on base; University of Michigan 5 - Pennsylvania State University 5 |
| TOP OF THE 8TH |
|
University of Michigan Wolverines batting - Pitching for Pennsylvania State University Nittany Lions : RHP Mike Watkins
|
|
Pitching: LHP Dan Cunningham
|
|
|
Pinch Hitting: RHB Chris Everett
|
0-0: Ball 1-0: Called Strike 1-1: Swinging Strike 1-2: Strikes out swinging
|
|
Batting: RHB Alexis Gallegos
|
0-0: Swinging Strike 0-1: SINGLE (Groundball, 5L, EV 90.6 MPH) (infield hit)
|
|
Batting: SHB Daisuke Yamamoto
|
0-0: Grounds into double play, 6-4-3 (Groundball, 6, EV 108.1 MPH)
|
| Top of the 8th over - 0 runs, 1 hit, 0 errors, 0 left on base; University of Michigan 5 - Pennsylvania State University 5 |
| BOTTOM OF THE 8TH |
|
Pennsylvania State University Nittany Lions batting - Pitching for University of Michigan Wolverines : RHP Mike Echegoyen
|
|
Now at C: Chris Everett
|
|
|
Batting: RHB Roberto Medina
|
0-0: Ball 1-0: SINGLE (Groundball, 6D, EV 97.5 MPH)
|
|
Batting: LHB Elijah Mallandain
|
0-0: Fielders Choice at 2nd, 4-6 (Groundball, 34S, EV 86.9 MPH)
|
|
Pinch Hitting: LHB Matt Ellington
|
0-0: Swinging Strike 0-1: Foul Ball, location: 2F 0-2: Ball 1-2: Strikes out swinging
|
|
Batting: RHB Fernando Membreno
|
0-0: Ball Elijah Mallandain steals 2nd base 1-0: SINGLE (Groundball, 56D, EV 107.5 MPH) Elijah Mallandain to third Runner from 3rd tries for Home, SAFE, throw by LF to home
|
|
Batting: RHB Ding-bong Zhào
|
0-0: Called Strike 0-1: Ball 1-1: Called Strike 1-2: Ball 2-2: Ball 3-2: Foul Ball, location: 2F 3-2: 2-RUN HOME RUN (Flyball, 89XD, EV 108.8 MPH), Distance : 435 ft
|
|
Pitching: RHP Tony Renteria
|
|
|
Batting: RHB Bernie Benavides
|
0-0: Fly out, F9 (Flyball, 9LM, EV 91.9 MPH)
|
| Bottom of the 8th over - 3 runs, 3 hits, 0 errors, 0 left on base; University of Michigan 5 - Pennsylvania State University 8 |
| TOP OF THE 9TH |
|
University of Michigan Wolverines batting - Pitching for Pennsylvania State University Nittany Lions : LHP Dan Cunningham
|
|
Pitching: RHP Carsten Kosters
|
|
|
Now at C: Franklin van den Berg
|
|
|
Pinch Hitting: RHB Justin Young
|
0-0: SINGLE (Groundball, P, EV 86.2 MPH) (infield hit)
|
|
Batting: RHB Wei-fang Ping
|
0-0: Ball 1-0: Called Strike 1-1: Ball 2-1: Foul Ball, location: 2F 2-2: Strikes out swinging
|
|
Batting: RHB Jason Rhodes
|
0-0: Ball 1-0: Called Strike 1-1: Ball 2-1: Fly out, F9 (Line Drive, 9, EV 84.4 MPH)
|
|
Batting: RHB Adrian Brown
|
0-0: Called Strike 0-1: Swinging Strike 0-2: Strikes out swinging
|
| Top of the 9th over - 0 runs, 1 hit, 0 errors, 1 left on base; University of Michigan 5 - Pennsylvania State University 8 |
|